 Dungeon Crawl Stone Soup version 0.31-a0-1139-gec03705108 (webtiles) character file.

Game seed: 13401812870042521041

506 James the Grappler (level 7, 0/50 HPs)
             Began as a Merfolk Shapeshifter on Dec 6, 2023.
             Slain by a kobold brigand
             ... wielding a +0 club
              (6 damage)
             ... on level 4 of the Dungeon.
             The game lasted 00:09:32 (3735 turns).

James the Grappler (Merfolk Shapeshifter)           Turns: 3735, Time: 00:09:32

Health: 0/50       AC:  3    Str: 22    XL:     7   Next: 18%
Magic:  16/16      EV: 12    Int: 10    God:
Gold:   178        SH:  0    Dex: 13    Spells: 6/6 levels left

rFire   . .          .
                       - Unarmed
rCold   . . .        (no shield)
rNeg    . . .        o - +0 leather armour
rPois   .            (helmet currently unavailable)
rElec   .            (cloak currently unavailable)
rCorr   .            (gloves currently unavailable)
SInv    .            (boots currently unavailable)
Will    .....        (no amulet)
Stlth   +            h - +6 ring of strength
HPRegen 0.28/turn    q - ring of magical power
MPRegen 0.15/turn

%: no passive effects
@: beast-form
A: beast (slay +2), (nimble swimmer 2), mertail
a: Begin Untransformation


You were on level 4 of the Dungeon.
You were a hulking beast.
You visited 1 branch of the dungeon, and saw 4 of its levels.

You collected 178 gold pieces.

Inventory:

Hand Weapons
 e - a +1 short sword of venom
   (You took it off a kobold on level 3 of the Dungeon)
 g - a +3 dagger of venom
   (You found it on level 1 of the Dungeon)
 k - a +0 sling
   (You found it on level 1 of the Dungeon)
 x - a +0 long sword
   (You found it on level 2 of the Dungeon)
Missiles
 f - 27 stones
 n - 7 poisoned darts (quivered)
Armour
 a - a +0 animal skin
 o - a +0 leather armour (worn)
   (You found it on level 1 of the Dungeon)
 p - a +0 leather armour
   (You found it on level 1 of the Dungeon)
 s - a +0 helmet
   (You found it on level 2 of the Dungeon)
 t - a +0 pair of boots
   (You found it on level 2 of the Dungeon)
 A - a +0 helmet of intelligence
   (You found it on level 4 of the Dungeon)
 B - a +1 buckler
   (You found it on level 2 of the Dungeon)
Magical Staves
 m - a staff of poison
   (You found it on level 2 of the Dungeon)
Jewellery
 h - a +6 ring of strength (left hand)
   (You found it on level 1 of the Dungeon)
 q - a ring of magical power (right hand)
   (You found it on level 1 of the Dungeon)
Talismans
 c - a beast talisman
 d - a flux talisman
 l - a storm talisman
   (You found it on level 1 of the Dungeon)
Wands
 u - a wand of paralysis (14)
   (You took it off an orc priest on level 3 of the Dungeon)
Scrolls
 i - 2 scrolls of teleportation {@r4}
 r - a scroll of immolation {!r}
 w - a scroll of enchant weapon {unknown}
 y - 3 scrolls of blinking
 D - a scroll of vulnerability {!r}
Potions
 j - a potion of enlightenment {unknown}
 v - 2 potions of curing {@q1}
 z - 3 potions of berserk rage
 F - a potion of heal wounds {unknown}


   Skills:
 - Level 2.0 Fighting
 - Level 3.0 Dodging
 + Level 8.5 Unarmed Combat
 - Level 4.0 Shapeshifting


You had 6 spell levels left.
You didn't know any spells.
Your spell library was empty.

Dungeon Overview and Level Annotations

Branches:
Dungeon (4/15)
 Temple: D:4-7

Altars:
Yredelemnul

Shops:
D:3 =

Annotations:
D:1 exclusion: gnoll
D:3 1 exclusion


Innate Abilities, Weirdness & Mutations

You are a hulking beast.
Your limbs bulge with bestial killing power. (Slay +2)
((You are very nimble when in or above water. (Stealth+, EV+, Speed+++)))
Your lower body shifts to a powerful aquatic tail in water.


Message History

You throw a poisoned dart. The poisoned dart hits the iguana.
Throw: 11 darts (poison)
Press: ? - help, Q - select action, (/) - cycle Shift-Dir - straight line, f/p - iguana
Aim: an iguana (58% to hit)
You throw a poisoned dart. The poisoned dart hits the iguana.
The iguana is poisoned.
You barely miss the iguana. The iguana bites you.
* * * LOW HITPOINT WARNING * * *
You pummel the iguana!!
You kill the iguana!
You start resting.
A kobold brigand is nearby!
Unknown command.
Throw: 10 darts (poison)
Press: ? - help, Q - select action, (/) - cycle Shift-Dir - straight line, f - kobold brigand
Aim: a kobold brigand, wielding a +0 club and quivering curare-tipped darts (wandering, hasn't noticed you, 45% to hit)
You throw a poisoned dart.
The poisoned dart hits the kobold brigand.
The kobold brigand is poisoned.
The kobold brigand shouts!
You feel less wooden.
Your +0 leather armour unmelds from your body.
You turn into a hulking beast.
You hear a bark!
Throw: 9 darts (poison)
Press: ? - help, Q - select action, (/) - cycle Shift-Dir - straight line, f/p - kobold brigand
Aim: a kobold brigand, wielding a +0 club and quivering curare-tipped darts (lightly wounded, poisoned, 50% to hit)
You throw a poisoned dart.
The poisoned dart hits the kobold brigand.
The kobold brigand looks even sicker.
Throw: 8 darts (poison)
Press: ? - help, Q - select action, (/) - cycle Shift-Dir - straight line, f/p - kobold brigand
Aim: a kobold brigand, wielding a +0 club and quivering curare-tipped darts (lightly wounded, very poisoned, 50% to hit)
You throw a poisoned dart.
The poisoned dart barely misses the kobold brigand.
The kobold brigand throws a curare-tipped dart.
The curare-tipped dart completely misses you.
Throw: 7 darts (poison)
Press: ? - help, Q - select action, (/) - cycle Shift-Dir - straight line, f/p - kobold brigand
Aim: a kobold brigand, wielding a +0 club and quivering curare-tipped darts (lightly wounded, very poisoned, 50% to hit)
Okay, then.
Unknown command.
The kobold brigand hits you but does no damage.
Items here: ) †††.
You hit the kobold brigand but do no damage.
The kobold brigand hits you with a +0 club.
* * * LOW HITPOINT WARNING * * *
You closely miss the kobold brigand.
The kobold brigand hits you with a +0 club.
You die...

##.## ##...## ###
#...#.#####..
#######..#........
###.††...#.#.#####..
###...####...### ###
#....##).###~..#
#....##).†((.##....#
#.~..##.h####..##..~.
### ...~##.K##
##..##~.. #.#
~...#.(# ##o$#... #.#
^≈~ #8( #)8# ~≈ #..
.. #.. #.$# #.# #.
#..# #.# #8 #$8# ###
..$# .K##


You could see a kobold brigand (poisoned).

Vanquished Creatures
  A phantom (D:4)
  2 hounds (D:4)
  A jelly (D:4)
  An orc priest (D:3)
  3 iguanas (D:4)
  A sleepcap (D:4)
  4 gnolls
  6 adders
  2 ufetubi (D:3)
  3 dart slugs
  3 worms
  5 orcs
  5 endoplasms
  2 giant cockroaches
  6 goblins
  11 hobgoblins
  4 jackals (D:4)
  13 kobolds
  6 quokkas
  6 ball pythons
  9 bats
  2 frilled lizards
  2 rats
98 creatures vanquished.

Notes
Turn   | Place    | Note
-------+----------+-------------------------------------------
     0 | D:1      | James the Merfolk Shapeshifter began the quest for the Orb.
     0 | D:1      | Reached XP level 1. HP: 15/15 MP: 1/1
   138 | D:1      | Reached XP level 2. HP: 18/21 MP: 2/2
   285 | D:1      | Reached skill level 4 in Unarmed Combat
   364 | D:1      | Reached XP level 3. HP: 27/27 MP: 3/3
   597 | D:1      | Found a faded altar of an unknown god.
   809 | D:2      | Found a basalt altar of Yredelemnul.
  1323 | D:2      | Reached XP level 4. HP: 33/33 MP: 4/4
  1328 | D:2      | Reached skill level 5 in Unarmed Combat
  1516 | D:3      | Found Xiciuq's Jewellery Emporium.
  2431 | D:3      | Reached XP level 5. HP: 35/38 MP: 5/5
  2562 | D:4      | Reached skill level 6 in Unarmed Combat
  2807 | D:4      | Found a basalt altar of Yredelemnul.
  3182 | D:2      | Reached XP level 6. HP: 28/44 MP: 6/6
  3251 | D:3      | Reached skill level 7 in Unarmed Combat
  3687 | D:4      | Reached skill level 8 in Unarmed Combat
  3691 | D:4      | Reached XP level 7. HP: 11/50 MP: 7/7
  3735 | D:4      | Slain by a kobold brigand

Illustrated notes

Levels and vault maps discovered:
D:1:      amcnicky_arrival_underground_garden, layout_rooms,
          chequers_ecumenical_altar_twisty
D:2:      layout_loops_ring, basic_altar, minmay_misc_feat_roman
D:3:      minmay_wonky_spiral, layout_basic, serial_shops,
          nicolae_shop_peninsula
D:4:      layout_loops_ring, mainiacjoe_overflow_cross_hatched, nzn_random_ring

Skill      XL: |  1  2  3  4  5  6 |
---------------+-------------------+-----
Dodging        | 3 |  3.0
Unarmed Combat | 4 5 6 8 |  8.5
Fighting       | 2 |  2.0
Shapeshifting  | |  4.0

Action                     |  1- 3 |  4- 6 |  7- 9 || total
---------------------------+-------+-------+-------++-------
  Melee: Unarmed           |    65 |   133 |    15 ||   213
         Punch             |     1 |     4 |       ||     5
  Throw: Stone             |     4 |       |       ||     4
         Dart              |       |       |     5 ||     5
    Use: Scroll            |       |    12 |       ||    12
         Potion            |       |     1 |       ||     1
   Stab: Sleeping          |     5 |       |       ||     5
 Armour: Animal skin       |    10 |       |       ||    10
         Leather armour    |     7 |    80 |     3 ||    90
         Skin              |       |    17 |    15 ||    32
  Dodge: Dodged            |    30 |    60 |     2 ||    92

Table legend: (Time is in decaauts)
 A = Elapsed time spent in this place.
 B = Non-inter-level travel time spent in this place.
 C = Inter-level travel time spent in this place.
 D = Time resting spent in this place.
 E = Time spent auto-exploring this place.
 F = Levels seen in this place.
 G = Mean time per level.
                   A        B        C        D        E       F      G
               +--------+--------+--------+--------+--------+-----+--------+
         Total |   3715 |   3605 |    110 |    363 |   2376 |   4 |  928.8 |
       Dungeon |   3715 |   3605 |    110 |    363 |   2376 |   4 |  928.8 |
               +--------+--------+--------+--------+--------+-----+--------+

Top non-repeatable levels by time:
     D:3: 1078 daAuts
     D:4: 962 daAuts
     D:2: 899 daAuts
     D:1: 775 daAuts
